 Dungeon Crawl Stone Soup version 0.31-a0-1611-g890cdf5628 (webtiles) character file.

Game seed: 11335898346341423857

192548 Moonkey the Eclecticist (level 17, -1/103 HPs)
             Began as a Deep Elf Conjurer on Jan 3, 2024.
             Was the Champion of Vehumet.
             Slain by an emperor scorpion simulacrum (30 damage)
             ... on level 3 of the Spider Nest on Jan 9, 2024.
             The game lasted 03:03:08 (42952 turns).

Moonkey the Eclecticist (Deep Elf Conjurer)        Turns: 42952, Time: 03:03:12

Health: -1/103     AC: 19    Str:  4    XL:     17   Next: 61%
Magic:  15/51      EV: 12    Int: 32    God:    Vehumet [******]
Gold:   1878       SH:  0    Dex: 13    Spells: 33/54 levels left

rFire   + . .        J - staff of fire
rCold   x . .        (no shield)
rNeg    . . .        L - +0 swamp dragon scales
rPois   +            H - +2 helmet
rElec   .            Q - +2 cloak {rPois}
rCorr   .            R - +2 pair of gloves
SInv    +            (no boots)
Will    +....        m - amulet of magic regeneration
Stlth   ++++         E - ring of see invisible
HPRegen 0.37/turn    O - ring of magical power
MPRegen 0.72/turn

%: random rage (3%)
@: no status effects
A: berserk 1, cold vulnerability 1
}: 1/15 runes: decaying
a: Renounce Religion


You were on level 3 of the Spider Nest.
You worshipped Vehumet.
Vehumet was exalted by your worship.
You visited 5 branches of the dungeon, and saw 28 of its levels.
You also visited: Sewer and Ossuary.

You collected 2487 gold pieces.
You spent 609 gold pieces at shops.

Inventory:

Hand Weapons
 i - the +10 great sword of the Modern Nightmares {freeze, rF++ rC+ Str+3}
   (You found it on level 3 of the Spider Nest)

   Str+3:     It affects your strength (+3).
   rF++:      It greatly protects you from fire.
   rC+:       It protects you from cold.
Missiles
 j - 2 javelins
 S - 6 boomerangs (quivered)
Armour
 a - +0 acid dragon scales
 H - a +2 helmet (worn)
 L - +0 swamp dragon scales (worn)
 Q - a +2 cloak of poison resistance (worn)
 R - a +2 pair of gloves (worn)
 U - a +2 robe of willpower
Magical Staves
 J - a staff of fire (weapon)
Jewellery
 m - an amulet of magic regeneration (around neck)
 A - an amulet of reflection
 E - a ring of see invisible (left hand)
 O - a ring of magical power (right hand)
 P - a ring of ice
 T - a ring of wizardry
 Z - a ring of protection from cold
Talismans
 V - the serpent talisman of the Eleven Violins {rC+ Dex+4 Stlth+}
   (You took it off Aizul on level 3 of the Swamp)

   [serpent talisman]

   Dex+4:     It affects your dexterity (+4).
   rC+:       It protects you from cold.
   Stlth+:    It makes you more stealthy.
Wands
 c - a wand of paralysis (5)
 h - a wand of mindburst (9)
 p - a wand of digging (6)
 F - a wand of flame (60)
Scrolls
 e - a scroll of immolation
 l - 2 scrolls of revelation
 n - 11 scrolls of teleportation
 o - 2 scrolls of blinking
 t - 3 scrolls of summoning
 w - 4 scrolls of enchant armour
 z - 4 scrolls of poison
 D - 2 scrolls of fog
 G - 5 scrolls of enchant weapon
 K - 4 scrolls of silence
 M - 2 scrolls of brand weapon
 N - 3 scrolls of amnesia
 W - 4 scrolls of fear
Potions
 b - 3 potions of magic
 d - 2 potions of ambrosia {unknown}
 f - 5 potions of lignification {unknown}
 g - 6 potions of degeneration
 k - 3 potions of cancellation {unknown}
 q - 3 potions of heal wounds
 s - 3 potions of enlightenment {unknown}
 u - 3 potions of might {unknown}
 v - 5 potions of curing
 x - 5 potions of resistance
 C - 9 potions of haste
 I - 4 potions of mutation {unknown}
 X - 3 potions of brilliance {unknown}


   Skills:
 * Level 10.7 Fighting
 + Level 7.0 Armour
 - Level 12.7 Dodging
 - Level 10.4 Stealth
 * Level 19.2 Spellcasting
 * Level 16.7 Conjurations
 + Level 8.1 Summonings
 - Level 10.0 Translocations
 + Level 8.9 Fire Magic
 + Level 8.9 Earth Magic


You had 33 spell levels left.
You knew the following spells:

 Your Spells              Type           Power      Damage    Failure   Level
a - Magic Dart            Conj           100%       1d8       0%          1
b - Searing Ray           Conj           100%       2d8       0%          2
c - Iskenderun's Mystic   Conj/Tloc      86%        2d17      1%          4
e - Orb of Destruction    Conj           47%        9d12      1%          7
f - Fireball              Conj/Fire      53%        3d21      1%          5
t - Blink                 Tloc           100%       N/A       1%          2

Your spell library contained the following spells:

 Spells                   Type           Power      Damage    Failure   Level
 Ozocubu's Refrigeration  Ice            15%        4d10      100%        7
 Apportation              Tloc           100%       N/A       1%          1
 Sting                    Conj/Alch      100%       1d9       1%          1
 Summon Small Mammal      Summ           100%       N/A       1%          1
 Lesser Beckoning         Tloc           100%       N/A       1%          2
 Momentum Strike          Conj/Tloc      100%       3d10      1%          2
 Static Discharge         Conj/Air       100%       3-8/arc   1%          2
 Call Canine Familiar     Summ           70%        N/A       1%          3
 Dazzling Flash           Conj/Hex       100%       N/A       1%          3
 Mephitic Cloud           Conj/Alch/Air  61%        N/A       1%          3
 Stone Arrow              Conj/Erth      100%       3d13      1%          3
 Volatile Blastmotes      Fire/Tloc      100%       2d18      1%          3
 Animate Armour           Summ/Erth      100%       N/A       1%          4
 Fulminant Prism          Conj/Alch      35%        3d17      1%          4
 Passage of Golubria      Tloc           76%        N/A       1%          4
 Summon Blazeheart Golem  Fire/Summ      91%        N/A       1%          4
 Starburst                Conj/Fire      53%        6d14      1%          6
 Mercury Vapours          Alch/Air       60%        N/A       2%          2
 Freezing Cloud           Conj/Ice/Air   30%        6-21      4%          5
 Necrotise                Necr           100%       1d9       5%          1
 Cigotuvi's Dreadful Rot  Necr/Alch/Air  60%        N/A       9%          2
 Jinxbite                 Hex            60%        N/A       9%          2
 Martyr's Knell           Necr/Summ      54%        N/A       10%         4
 Summon Lightning Spire   Summ/Air       54%        N/A       10%         4
 Airstrike                Air            15%        2d(3-19)  14%         4
 Ozocubu's Armour         Ice            30%        N/A       16%         3
 Yara's Violent Unravell  Hex/Alch       15%        3d8       36%         5
 Lehudib's Crystal Spear  Conj/Erth      42%        10d10     41%         8
 Dispel Undead            Necr           30%        3d14      47%         4
 Alistair's Intoxication  Alch           20%        N/A       83%         5
 Metabolic Englaciation   Hex/Ice        15%        N/A       83%         5
 Silence                  Hex/Air        15%        N/A       83%         5
 Death Channel            Necr           15%        N/A       100%        6
 Sculpt Simulacrum        Ice/Alch       15%        N/A       100%        6
 Enfeeble                 Hex            15%        N/A       100%        7
 Maxwell's Capacitive Co  Air            15%        ∞         100%        8


Dungeon Overview and Level Annotations

Branches:
Dungeon (15/15)            Temple (1/1) D:5            Lair (5/5) D:11
  Swamp (4/4) Lair:3       Spider (3/4) Lair:3        Slime (0/5) Lair:4
    Orc (0/2) D:12         Vaults (0/5) D:13         Depths (0/4) D:15
  Sewer (visited)         Ossuary (visited)

Altars:
Ashenzari
Cheibriados
Dithmenos
Elyvilon
Fedhas
Gozag
Hepliaklqana
Kikubaaqudgha
Makhleb
Nemelex Xobeh
Okawaru
Qazlal
Ru
Sif Muna
Trog
Uskayaw
Vehumet
Wu Jian
Xom
Yredelemnul
Zin
The Shining One

Shops:
D:7 *

Portals:
Hell: Lair:5

Annotations:
Swamp:3 Roxanne


Innate Abilities, Weirdness & Mutations

You sometimes lose your temper in combat.
You are vulnerable to cold. (rC-)


Message History

The ghost moth is severely wounded.
The mystic blast hits the culicivora!!
You kill the culicivora!
Vehumet accepts your kill.
The mystic blast hits the emperor scorpion!!
The emperor scorpion is severely wounded.
The emperor scorpion is knocked back by the mystic blast.
The mystic blast hits the emperor scorpion simulacrum.
The emperor scorpion simulacrum is heavily damaged.
The emperor scorpion simulacrum is knocked back by the mystic blast.
The emperor scorpion simulacrum slams into the rock wall!
The emperor scorpion simulacrum is severely damaged.
A freezing mist starts to gather... x2
A culicivora simulacrum and a tarantella simulacrum come into view.
Unknown command.
Casting: Iskenderun's Mystic Blast (safe; 1% risk of failure)
Confirm with . or Enter, or press ? or * to list all spells.
You erupt in a blast of force!
The mystic blast hits the wolf spider simulacrum!!
The wolf spider simulacrum vaporises!
The mystic blast hits the ghost moth.
The ghost moth is almost dead.
The ghost moth is knocked back by the mystic blast.
The ghost moth collides with the culicivora!
The culicivora is moderately wounded.
The ghost moth is almost dead.
The mystic blast hits the culicivora simulacrum!
The culicivora simulacrum is moderately damaged.
The culicivora simulacrum is knocked back by the mystic blast.
The culicivora simulacrum slams into the granite statue!
The culicivora simulacrum is severely damaged.
The mystic blast hits the emperor scorpion!
The emperor scorpion is severely wounded.
The mystic blast hits the emperor scorpion simulacrum but does no damage.
The emperor scorpion simulacrum is severely damaged.
The emperor scorpion simulacrum hits you.
* * * LOW HITPOINT WARNING * * *
The emperor scorpion simulacrum freezes you!!
You feel a terrible chill!
You die...

#...#.....#.#^
........##.....#####.<.
...(.8.##......#..#..#
....Z.##...####..#^.#
Zs.8○####....#..#..#
s†Z.##......#.....^
#.ys##...#####.....
#8†8##....#..#.....
##@###..####....###
######..Z##....^#.....#.
#...^^.†##.†.........##.
##.........##.....####..
......##.....###.........
....#.#..#...^#.........^
°...###..#...####...#####
.#. #.^..#......###......
###[..#.......#.......


You could see an emperor scorpion, a ghost moth (invisible), a demonic crawler,
a culicivora (soul bound), a tarantella simulacrum, an emperor scorpion
simulacrum and 2 culicivora simulacra.

Vanquished Creatures
  Nikola (Swamp:2)
  A bone dragon (Swamp:4)
  A tentacled monstrosity (Swamp:2)
  Jorgrun (Swamp:2)
  Mlioglotl (Swamp:3)
  Aizul (Swamp:3)
  A fenstrider witch (Swamp:1)
  2 emperor scorpions
  A ghost moth (Spider:3)
  Louise (Swamp:1)
  3 ghouls (Swamp:1)
  2 broodmothers (Spider:3)
  5 eleionomae
  4 bunyips
  2 spark wasps (Spider:2)
  2 shambling mangroves
  2 entropy weavers
  An anaconda (Swamp:3)
  A sphinx zombie (D:15)
  9 hydras
  An ogre mage (D:13)
  9 alligators
  3 ghost crabs
  A catoblepas (D:13)
  A hell beast (Lair:5)
  7 centaur warriors
  A jorogumo (Spider:1)
  6 boulder beetles
  2 tengu warriors (D:13)
  2 death yaks (Lair:5)
  3 two-headed ogres
  A vampire mage (D:15)
  3 demonic crawlers
  An occultist (Lair:5)
  9 spriggans
  A soul eater (D:12)
  A storm dragon zombie (D:15)
  A sun demon (D:12)
  Nergalle (D:11)
  The ghost of GreenGuy14 the Cleaver, a novice HOFi of Beogh (D:8)
  6 skeletal warriors
  2 skysharks (Lair:5)
  4 goliath frogs
  5 pharaoh ants
  3 spriggan druids
  4 orb spiders
  4 spectral hydras (Swamp:4)
  A death drake (Swamp:4)
  11 bog bodies
  5 swamp dragons
  A lindwurm (Lair:4)
  3 deep elf pyromancers
  3 orc knights
  2 alligator zombies (Swamp:4)
  2 phantasmal warriors (Swamp:4)
  3 steelbarb worms
  An orc sorcerer (D:13)
  A necromancer (D:15)
  3 manticores
  12 ugly things
  8 spectral spriggans (Swamp:1)
  7 will-o-the-wisps
  11 wolf spiders
  4 moths of wrath
  7 cyclopes
  21 elephants
  2 torpor snails
  5 black mambas
  A rust devil (D:12)
  A gargoyle (D:12)
  2 smoke demons
  3 orange demons
  2 swamp worm zombies (Swamp:4)
  3 unseen horrors
  4 rime drakes
  16 cane toads
  7 komodo dragons
  A tengu conjurer (D:14)
  2 freezing wraiths (Swamp:1)
  Psyche (D:11)
  5 ice devils
  8 trolls
  A red devil (D:12)
  9 bloated husks
  A polar bear (Lair:4)
  3 hydra zombies (Swamp:4)
  8 tyrant leeches
  A hornet (shapeshifter) (D:15)
  21 tarantellas
  7 hornets
  2 spectral swamp dragons (Swamp:4)
  3 blink frogs (Lair:1)
  4 dream sheep (Lair:3)
  12 jumping spiders
  19 slime creatures
  A vampire (D:13)
  21 culicivoras
  A spriggan skeleton (D:15)
  5 tyrant leech zombies (Swamp:4)
  30 yaks
  5 wyverns
  2 wargs
  A basilisk (D:11)
  2 fire bats (Lair:2)
  2 neqoxecs (D:12)
  37 redbacks
  9 vampire mosquitoes
  Grum (D:11)
  A steam dragon (D:7)
  16 swamp worms
  A chaos spawn (D:12)
  An acid dragon (D:10)
  25 water moccasins
  3 hell hounds (Lair:5)
  3 swamp drakes
  4 black bears
  9 orc warriors
  An ice beast (D:8)
  2 ogres
  A swamp dragon zombie (Swamp:4)
  23 wolves
  14 centaurs
  6 phantoms
  5 boggarts (D:15)
  3 kobold brigands
  14 bullfrogs
  A gnoll sergeant (D:7)
  12 scorpions
  9 killer bees
  12 electric eels
  4 howler monkeys
  2 bombardier beetles (D:5)
  3 centaur zombies (Ossuary)
  2 human zombies (Ossuary)
  3 quasits (D:12)
  3 hounds
  8 orc priests
  A jelly (D:4)
  2 gnoll boudas
  Terence (D:2)
  3 sleepcaps
  Jessica (D:2)
  2 iguanas
  11 orc wizards
  7 hell rats
  5 scorpion zombies (Ossuary)
  4 mummies
  Robin (D:2)
  11 adders
  11 gnolls
  3 river rats
  A shadow imp (D:5)
  2 white imps
  2 ufetubi (D:5)
  4 adder zombies (Ossuary)
  2 dart slugs
  36 orcs
  9 ball pythons
  6 bats
  An endoplasm (D:2)
  3 giant cockroaches
  19 goblins
  7 hobgoblins
  4 quokkas
  A ball python zombie (Ossuary)
  4 frilled lizards
  A jackal zombie (Ossuary)
  20 kobolds
  2 orc zombies (Ossuary)
  11 rats
891 creatures vanquished.

Vanquished Creatures (others)
  A ghost crab (Swamp:2)
  A bog body (Swamp:4)
  An alligator zombie (Swamp:4)
  A hornet (Swamp:4)
  2 swamp dragon zombies (Swamp:4)
  A shadow imp (D:7)
  4 foxfires
11 creatures vanquished.

Grand Total: 902 creatures vanquished

Notes
Turn   | Place    | Note
-------+----------+-------------------------------------------
     0 | D:1      | Moonkey the Deep Elf Conjurer began the quest for the Orb.
     0 | D:1      | Reached XP level 1. HP: 10/10 MP: 6/6
   362 | D:1      | Reached XP level 2. HP: 15/15 MP: 5/8
   642 | D:2      | Learned a level 2 spell: Searing Ray
   652 | D:2      | Reached XP level 3. HP: 20/20 MP: 5/10
   852 | D:2      | Noticed Robin
  1073 | D:2      | Reached skill level 4 in Spellcasting
  1170 | D:2      | Noticed Terence
  1223 | D:2      | Killed Terence
  1224 | D:2      | Reached skill level 1 in Fighting
  1224 | D:2      | Reached XP level 4. HP: 22/25 MP: 7/12
  1274 | D:2      | Noticed Jessica
  1278 | D:2      | Killed Jessica
  1279 | D:2      | Reached skill level 5 in Conjurations
  1387 | D:2      | Learned a level 4 spell: Iskenderun's Mystic Blast
  1453 | D:2      | Killed Robin
  2003 | D:3      | Reached XP level 5. HP: 29/29 MP: 11/13
  2023 | D:3      | Found a faded altar of an unknown god.
  2892 | D:4      | Found a sand-covered staircase.
  2896 | D:4      | Reached skill level 1 in Translocations
  2923 | Ossuary  | Entered an ossuary
  3061 | Ossuary  | Reached skill level 5 in Spellcasting
  3062 | Ossuary  | Reached XP level 6. HP: 33/34 MP: 4/15
  3469 | Ossuary  | Reached XP level 7. HP: 25/40 MP: 8/17
  3706 | Ossuary  | Reached skill level 6 in Spellcasting
  4284 | Ossuary  | Reached XP level 8. HP: 45/45 MP: 12/20
  4338 | Ossuary  | Reached skill level 7 in Spellcasting
  4834 | D:4      | Reached skill level 5 in Stealth
  4900 | D:4      | Reached skill level 5 in Dodging
  5380 | D:5      | Entered Level 5 of the Dungeon
  5549 | D:5      | Found a glowing drain.
  5577 | Sewer    | Entered a sewer
  5940 | D:5      | Found a staircase to the Ecumenical Temple.
  5949 | Temple   | Entered the Ecumenical Temple
  5958 | Temple   | Became a worshipper of Vehumet
  6021 | D:5      | Found an ornate altar of the Wu Jian Council.
  6326 | D:5      | Reached skill level 8 in Spellcasting
  6930 | D:6      | Noticed a troll
  6939 | D:6      | Killed a troll
  6940 | D:6      | Reached XP level 9. HP: 47/51 MP: 6/23
  8367 | D:7      | Reached skill level 9 in Spellcasting
  8938 | D:7      | Found Hehoap's Neck Hole.
  8941 | D:7      | Bought a +1 cloak of poison resistance for 189 gold pieces
  9193 | D:8      | Reached * piety under Vehumet
  9193 | D:8      | Offered knowledge of Shock by Vehumet.
  9426 | D:8      | Found a glowing golden altar of the Shining One.
  9615 | D:8      | Noticed a cyclops
  9615 | D:8      | Noticed GreenGuy14's ghost (novice HOFi)
  9618 | D:8      | Found a transporter.
  9631 | D:8      | Found a transporter.
  9843 | D:8      | Paralysed by a kobold for 5 turns
  9998 | D:8      | Noticed an unseen horror
 10003 | D:8      | Killed an unseen horror
 10004 | D:8      | Reached skill level 5 in Translocations
 10084 | D:8      | Reached skill level 10 in Spellcasting
 10084 | D:8      | Reached XP level 10. HP: 56/56 MP: 26/26
 10296 | D:9      | Upgraded the game from 0.31-a0-1549-g5ff9445e89 to
                  | 0.31-a0-1570-g93c622d222
 10722 | D:9      | Found a sparkling altar of Nemelex Xobeh.
 10800 | D:9      | Offered knowledge of Freeze by Vehumet.
 11048 | D:9      | Reached ** piety under Vehumet
 12103 | D:10     | Entered Level 10 of the Dungeon
 12209 | D:10     | Found a snail-covered altar of Cheibriados.
 12220 | D:10     | Found a hide-covered altar of Uskayaw.
 12220 | D:10     | Found a blossoming altar of Fedhas.
 12507 | D:10     | Reached skill level 11 in Spellcasting
 12507 | D:10     | Reached skill level 10 in Conjurations
 13481 | D:11     | Found a staircase to the Lair.
 13481 | D:11     | Noticed an elephant
 13696 | D:11     | Noticed a boulder beetle
 13786 | D:11     | Killed an elephant
 13787 | D:11     | Reached skill level 5 in Fighting
 13787 | D:11     | Reached XP level 11. HP: 63/63 MP: 16/28
 13910 | D:11     | Noticed a deep elf pyromancer
 13916 | D:11     | Noticed a two-headed ogre
 13918 | D:11     | Noticed a green ugly thing
 13934 | D:11     | Killed a two-headed ogre
 13934 | D:11     | Offered knowledge of Static Discharge by Vehumet.
 14290 | D:11     | Killed a deep elf pyromancer
 14406 | D:11     | Killed a green ugly thing
 14407 | D:11     | Reached skill level 12 in Spellcasting
 14593 | D:11     | Noticed Psyche
 14602 | D:11     | Noticed Nergalle
 14603 | D:11     | Killed Psyche
 14626 | D:11     | Killed Nergalle
 14783 | D:11     | Noticed Grum
 14786 | D:11     | Killed Grum
 14787 | D:11     | Reached *** piety under Vehumet
 15029 | D:11     | Upgraded the game from 0.31-a0-1570-g93c622d222 to
                  | 0.31-a0-1589-g8f5e8aebd6
 15057 | D:11     | Noticed a boulder beetle
 15413 | D:12     | Found a staircase to the Orcish Mines.
 15605 | D:12     | Noticed a deep elf pyromancer
 15960 | D:12     | Noticed a skeletal warrior
 15960 | D:12     | Noticed a skeletal warrior
 15960 | D:12     | Noticed a skeletal warrior
 15960 | D:12     | Noticed a skeletal warrior
 16119 | Lair:1   | Entered Level 1 of the Lair of Beasts
 16450 | Lair:1   | Offered knowledge of Frozen Ramparts by Vehumet.
 16499 | Lair:1   | Reached skill level 13 in Spellcasting
 16719 | Lair:1   | Reached skill level 1 in Fire Magic
 16895 | Lair:1   | Reached XP level 12. HP: 67/69 MP: 28/31
 16900 | Lair:1   | Reached skill level 1 in Armour
 16900 | Lair:1   | Reached skill level 1 in Earth Magic
 17933 | Lair:2   | Reached **** piety under Vehumet
 18322 | Lair:2   | Offered knowledge of Arcjolt by Vehumet.
 19060 | Lair:2   | Reached skill level 14 in Spellcasting
 19436 | Lair:2   | Reached skill level 10 in Stealth
 20217 | Lair:3   | Found a staircase to the Swamp.
 20294 | Lair:3   | Noticed a seven-headed hydra
 20628 | Lair:3   | Reached XP level 13. HP: 47/75 MP: 24/33
 21030 | Lair:3   | Reached ***** piety under Vehumet
 21135 | Lair:3   | Offered knowledge of Olgreb's Toxic Radiance by Vehumet.
 21527 | Lair:3   | Found a hole to the Spider Nest.
 21704 | Lair:3   | Upgraded the game from 0.31-a0-1589-g8f5e8aebd6 to
                  | 0.31-a0-1591-g515db51633
 21942 | Lair:4   | Found a staircase to the Slime Pits.
 22175 | Lair:4   | Reached skill level 10 in Dodging
 22728 | Lair:5   | Entered Level 5 of the Lair of Beasts
 22921 | Lair:5   | Reached skill level 15 in Spellcasting
 23079 | Lair:5   | Reached skill level 1 in Summonings
 24052 | Lair:5   | Identified the +0 leather armour of Fun {Str+2 SInv}
 24535 | Lair:5   | Noticed a dire elephant
 24537 | Lair:5   | Reached skill level 5 in Fire Magic
 24537 | Lair:5   | Reached skill level 5 in Earth Magic
 25144 | Lair:5   | Noticed a dire elephant
 25555 | Lair:5   | Reached XP level 14. HP: 82/82 MP: 34/35
 25642 | Lair:5   | Found a burning altar of Makhleb.
 25981 | Lair:5   | Found a gateway to Hell.
 26204 | Lair:1   | Upgraded the game from 0.31-a0-1591-g515db51633 to
                  | 0.31-a0-1603-gbec6b6ccbf
 26776 | D:12     | Gained mutation: You are vulnerable to cold. (rC-) [a
                  | neqoxec]
 27269 | D:12     | Found an iron altar of Okawaru.
 27743 | D:12     | Reached skill level 16 in Spellcasting
 27950 | D:12     | Learned a level 2 spell: Blink
 27990 | D:12     | Gained mutation: You sometimes lose your temper in combat.
                  | [a neqoxec]
 29736 | D:13     | You fall into a shaft and drop 1 floor!
 29749 | D:14     | Found a glowing golden altar of the Shining One.
 30017 | D:13     | Found a gate to the Vaults.
 30469 | D:13     | Found a sacrificial altar of Ru.
 31016 | D:14     | Offered knowledge of Fireball by Vehumet.
 31023 | D:14     | Learned a level 5 spell: Fireball
 31158 | D:14     | Reached XP level 15. HP: 88/88 MP: 6/37
 31437 | D:14     | Reached skill level 5 in Armour
 31720 | D:8      | Killed GreenGuy14's ghost
 31976 | D:15     | Entered Level 15 of the Dungeon
 32195 | D:15     | Found a staircase to the Depths.
 32402 | D:15     | Reached skill level 5 in Summonings
 33697 | D:7      | Bought an amulet of magic regeneration for 420 gold pieces
 33707 | D:7      | Upgraded the game from 0.31-a0-1603-gbec6b6ccbf to
                  | 0.31-a0-1611-g890cdf5628
 33897 | Swamp:1  | Entered Level 1 of the Swamp
 34075 | Swamp:1  | Reached skill level 17 in Spellcasting
 34081 | Swamp:1  | Noticed a fenstrider witch
 34083 | Swamp:1  | Killed a fenstrider witch
 34396 | Swamp:1  | Reached skill level 15 in Conjurations
 34590 | Swamp:1  | Noticed Louise
 34902 | Swamp:1  | Killed Louise
 35801 | Swamp:2  | Noticed Jorgrun
 35801 | Swamp:2  | Identified the +1 pair of gloves of Resonance {rPois rC-
                  | Will- Dex+10}
 35801 | Swamp:2  | Noticed Nikola
 35806 | Swamp:2  | Noticed a tentacled monstrosity
 36030 | Swamp:2  | Killed Nikola
 36031 | Swamp:2  | Reached XP level 16. HP: 96/96 MP: 16/39
 36176 | Swamp:2  | Killed Jorgrun
 36499 | Swamp:2  | Killed a tentacled monstrosity
 36900 | Swamp:3  | Noticed Roxanne
 37582 | Swamp:3  | Noticed Mlioglotl
 37589 | Swamp:3  | Killed Mlioglotl
 37900 | Swamp:3  | Identified the serpent talisman of the Eleven Violins {rC+
                  | Dex+4 Stlth+}
 37900 | Swamp:3  | Noticed Aizul
 37907 | Swamp:3  | Killed Aizul
 38217 | Swamp:3  | Offered knowledge of Plasma Beam by Vehumet.
 38573 | Swamp:4  | Entered Level 4 of the Swamp
 38585 | Swamp:4  | Reached skill level 18 in Spellcasting
 39214 | Swamp:4  | Reached ****** piety under Vehumet
 39235 | Swamp:4  | Noticed a bone dragon
 39403 | Swamp:4  | Killed a bone dragon
 39404 | Swamp:4  | Reached skill level 10 in Fighting
 39643 | Swamp:4  | Reached skill level 10 in Translocations
 39785 | Swamp:4  | Got a decaying rune of Zot
 40189 | Spider:1 | Entered Level 1 of the Spider Nest
 40196 | Spider:1 | Offered knowledge of Bombard by Vehumet.
 40289 | Spider:1 | Reached XP level 17. HP: 83/102 MP: 41/41
 41192 | Spider:2 | Offered knowledge of Orb of Destruction by Vehumet.
 41266 | Spider:1 | Learned a level 7 spell: Orb of Destruction
 42215 | Spider:3 | Identified the +10 great sword of the Modern Nightmares
                  | {freeze, rF++ rC+ Str+3}
 42258 | Spider:3 | Reached skill level 19 in Spellcasting
 42696 | Spider:3 | Offered knowledge of Ozocubu's Refrigeration by Vehumet.
 42952 | Spider:3 | Slain by an emperor scorpion simulacrum

Illustrated notes

Levels and vault maps discovered:
D:1:      tarquinn_simple_flora_water_e, layout_rooms
D:2:      layout_basic, minmay_cut_off, uniq_terence, uniq_jessica, uniq_robin
D:3:      layout_loops_cross, shapermc_ecumenical_altar_venn, serial_forest,
          infiniplex_forest_end_1, infiniplex_forest_end_3,
          infiniplex_forest_straight_2, infiniplex_forest_straight_2
D:4:      layout_loops_ring, gup_ossuary_entry_pyramid
D:5:      layout_cave_pods, kennysheep_mini_moat,
          minmay_temple_entry_antechambers, lightli_sewer_entry_pipes
D:6:      layout_basic
D:7:      layout_gridville, nicolae_shop_sticking_my_neck_out
D:8:      layout_basic, mainiacjoe_overflow_surrounded_room,
          gammafunk_ghost_arena
D:9:      layout_loops_corners, kennysheep_mini, kennysheep_flooded_box
D:10:     layout_stronghold, gammafunk_temple_overflow_forgotten
D:11:     layout_irregular_city, david_lair_generic, minmay_diced_spiral,
          uniq_grum, uniq_nergalle, uniq_psyche
D:12:     layout_roguey, david_orc_3, serial_demonic, serial_demonic_f,
          serial_demonic_g, serial_demonic_f, serial_demonic_a,
          serial_demonic_b, serial_demonic_e, okawaru_ov_weapons_minmay
D:13:     layout_irregular_city, david_vaults_2, nicolae_ru_path_of_blood
D:14:     layout_basic, tso_metal_star
D:15:     gammafunk_depths_entry_grave, layout_stronghold, minivault_19
Temple:   eino_temple_scatter_basement
Lair:1:   layout_roguey, nicolae_quartered_pool_super, beast_lair_carwin_8
Lair:2:   layout_gridlike, lemuel_fruit_tree, infiniplex_staircase_pool_2,
          grunt_megastairs_1
Lair:3:   layout_small_grid, minmay_swamp_entry_eels,
          spider_nest_entry_funnel_web, serial_bayou_shore_b, grunt_megastairs_4
Lair:4:   layout_cave_shapes, dpeg_slime_entry_enclosed
Lair:5:   evil_forest, layout_cave_pods, serial_bayou_shore_a
Swamp:1:  nicolae_swamp_flooded_prison, layout_falls_marsh,
          evilmike_swamp_ruin_house_3, nicolae_swamp_decorative_isthmus,
          uniq_louise
Swamp:2:  layout_falls_marsh, nicolae_swamp_ascending_descending,
          infiniplex_staircase_pool, uniq_jorgrun, uniq_nikola
Swamp:3:  layout_falls_marsh, serial_swamp_ruin, evilmike_swamp_ruin_house_2,
          evilmike_swamp_ruin_house_6, evilmike_swamp_ruin_rubble_1,
          nicolae_swamp_snake_nest, uniq_aizul, uniq_mlioglotl, uniq_roxanne
Swamp:4:  swamp_pestilence, layout_basic_swamp, swamp_pool_4,
          hangedman_swamp_blocks, nicolae_swamp_wisp_ring_woods,
          nicolae_swamp_tree_isthmus
Spider:1: layout_spider_delve
Spider:2: layout_spider_delve, hangedman_spider_tarantella_strand
Spider:3: nicolae_spider_hall_of_the_moth_king

Skill      XL: |  1  2  3  4  5  6  7  8  9 10 11 12 13 14 15 16 17 |
---------------+----------------------------------------------------+-----
Spellcasting   | 4 5 6 8 10 11 13 14 15 16 17 18 19 | 19.2
Fighting       | 1 2 3 4 5 6 7 8 9 10 | 10.7
Dodging        | 3 4 5 6 7 8 9 10 11 12 | 12.7
Stealth        | 3 4 5 6 8 9 10 | 10.4
Conjurations   | 5 6 7 9 10 11 12 13 14 15 16 | 16.7
Translocations | 1 2 3 5 6 7 8 9 10 | 10.0
Fire Magic     | 1 3 5 6 7 8 |  8.9
Armour         | 2 4 5 6 7 |  7.0
Earth Magic    | 3 5 6 7 8 |  8.9
Summonings     | 2 4 6 7 8 |  8.1

Action                     |  1- 3 |  4- 6 |  7- 9 | 10-12 | 13-15 | 16-18 || total
---------------------------+-------+-------+-------+-------+-------+-------++-------
  Melee: Staff             |       |       |       |       |     1 |     1 ||     2
  Throw: Boomerang         |       |       |       |    15 |       |     2 ||    17
   Cast: Magic Dart        |    66 |    66 |   227 |   192 |   184 |       ||   735
         Searing Ray       |     2 |    19 |    64 |    90 |    61 |       ||   236
         Iskenderun's Myst |       |       |    16 |   235 |   431 |   112 ||   794
         Fireball          |       |       |       |       |   176 |   351 ||   527
         Blink             |       |       |       |       |     1 |       ||     1
         Orb of Destructio |       |       |       |       |       |     2 ||     2
    Use: Scroll            |       |     3 |     2 |     9 |     7 |     6 ||    27
         Potion            |       |       |       |     1 |     3 |     2 ||     6
 Armour: Robe              |     6 |    14 |    73 |   150 |   156 |       ||   399
         Swamp dragon scal |       |       |       |       |     9 |   107 ||   116
  Dodge: Dodged            |     7 |    19 |    70 |   136 |    94 |    32 ||   358

Table legend: (Time is in decaauts)
 A = Elapsed time spent in this place.
 B = Non-inter-level travel time spent in this place.
 C = Inter-level travel time spent in this place.
 D = Time resting spent in this place.
 E = Time spent auto-exploring this place.
 F = Levels seen in this place.
 G = Mean time per level.
                   A        B        C        D        E       F      G
               +--------+--------+--------+--------+--------+-----+--------+
         Total |  43349 |  40394 |   2955 |  16265 |  17425 |  30 | 1445.0 |
       Dungeon |  21964 |  20160 |   1804 |   7092 |   9928 |  15 | 1464.3 |
        Temple |     18 |      2 |     16 |      0 |      0 |   1 |   18.0 |
          Lair |  10388 |   9747 |    641 |   4492 |   3540 |   5 | 2077.6 |
         Swamp |   6454 |   6037 |    417 |   2655 |   2312 |   4 | 1613.5 |
   Spider Nest |   2711 |   2636 |     75 |    801 |   1471 |   3 |  903.7 |
         Sewer |    225 |    225 |      0 |    120 |     47 |   1 |  225.0 |
       Ossuary |   1586 |   1586 |      0 |   1105 |    125 |   1 | 1586.0 |
               +--------+--------+--------+--------+--------+-----+--------+

Top non-repeatable levels by time:
  Lair:5: 2723 daAuts
    D:11: 2516 daAuts
  Lair:1: 2496 daAuts
 Swamp:1: 2457 daAuts
    D:12: 2210 daAuts
    D:13: 2098 daAuts
    D:10: 1873 daAuts
 Swamp:3: 1761 daAuts
  Lair:4: 1728 daAuts
  Lair:3: 1722 daAuts
  Lair:2: 1716 daAuts
     D:8: 1688 daAuts
 Ossuary: 1586 daAuts
    D:15: 1560 daAuts
     D:9: 1500 daAuts
